Map: Ruins of Seras

Players

ShoWTimE - Winner!

  • Race: Protoss Protoss

SortOf

  • Race: Zerg Zerg
  • League: Grandmaster

Event: DreamHack ROCCAT LotV Championship

VOD

Have the link to the VOD?

Description

Time

  • Played on: Nov. 26, 2015, 10:06 a.m.
  • Length: 16:59

All games in this series

Show
View Real Time Build Order
Export as new Build Order

ShoWTimE Protoss - Winner!

Build Orders: Nexus First 

Get SALT Encoding   

  12  0:01  Probe (Chrono Boost)  
  13  0:11  Probe (Chrono Boost)  
  14  0:19  Pylon  
  14  0:22  Probe (Chrono Boost)  
  15  0:38  Probe (Chrono Boost)  
  16  0:48  Probe (Chrono Boost)  
  17  1:02  Nexus  
  17  1:12  Gateway  
  17  1:16  Probe (Chrono Boost)  
  18  1:22  Assimilator  
  18  1:26  Probe (Chrono Boost)  
  18  1:31  Assimilator  
  19  1:37  Probe (Chrono Boost)  
  20  1:41  Gateway  
  20  1:47  Probe (Chrono Boost)  
  20  1:48  Pylon  
  21  1:58  Probe (Chrono Boost)  
  21  2:00  Cybernetics Core  
  22  2:06  Zealot (Chrono Boost)  
  24  2:09  Probe  
  25  2:16  Pylon  
  25  2:22  Pylon  
  25  2:33  Pylon  
  25  2:36  Mothership Core (Chrono Boost)  
  27  2:41  Sentry  
  30  2:45  Adept  
  30  2:53  Pylon  
  30  2:55  Probe (Chrono Boost)  
  31  3:01  Pylon  
  31  3:11  Cybernetics Core  
  31  3:13  Probe (Chrono Boost)  
  32  3:23  Probe (Chrono Boost)  
  33  3:42  Probe (Chrono Boost)  
  34  3:49  Sentry, Adept  
  34  3:50  Warp Gate  
  34  3:53  Probe (Chrono Boost)  
  35  4:04  Probe (Chrono Boost)  
  35  4:09  Stargate  
  36  4:16  Nexus  
  36  4:17  Pylon  
  36  4:20  Probe (Chrono Boost)  
  37  4:30  Probe (Chrono Boost)  
  38  4:34  Pylon  
  38  4:36  Stalker  
  40  4:41  Probe (Chrono Boost)  
  41  4:51  Probe (Chrono Boost)  
  41  4:52  Oracle (Chrono Boost)  
  45  5:03  Probe  
  46  5:11  Pylon  
  46  5:15  Probe  
  46  5:16  Forge  
  47  5:21  Gateway  
  47  5:27  Probe  
  47  5:29  Probe  
  49  5:38  Probe  
  49  5:41  Probe  
  51  5:44  Pylon  
  51  5:45  Pylon  
  51  5:48  Probe  
  51  5:53  Probe  
  53  5:59  Probe  
  53  6:00  Protoss Ground Weapons Level 1, Robotics Facility  
  53  6:04  Adept  
  56  6:05  Probe (Chrono Boost)  
  56  6:07  Assimilator  
  57  6:11  Probe (Chrono Boost), Assimilator  
  57  6:18  Probe (Chrono Boost)  
  59  6:22  Probe (Chrono Boost)  
  60  6:28  Probe (Chrono Boost)  
  62  6:32  Probe (Chrono Boost)  
  62  6:35  Twilight Council  
  62  6:39  Zealot  
  64  6:40  Adept  
  64  6:44  Probe x2 (Chrono Boost)  
  68  6:51  Nexus  
  68  6:53  Pylon  
  68  6:56  Pylon  
  68  6:58  Probe x2 (Chrono Boost)  
  70  7:02  Observer  
  73  7:08  Probe x2 (Chrono Boost)  
  73  7:10  Phoenix  
  73  7:14  Charge (Chrono Boost)  
  70  7:18  Probe (Chrono Boost)  
  70  7:19  Probe (Chrono Boost)  
  70  7:21  Zealot x3  
  78  7:24  Photon Cannon  
  78  7:28  Probe  
  79  7:30  Probe  
  79  7:34  Gateway  
  79  7:35  Gateway  
  80  7:39  Probe  
  80  7:42  Templar Archives, Probe  
  82  7:50  Probe  
  82  7:51  Gateway  
  82  7:54  Probe  
  82  7:57  Warp Prism  
  86  8:03  Stalker  
  88  8:07  Protoss Ground Weapons Level 2  
  88  8:10  Stalker  
  90  8:22  Zealot  
  92  8:28  Probe  
  92  8:30  Probe, Gateway  
  92  8:33  Gateway, Assimilator  
  92  8:34  High Templar x2  
  96  8:35  Assimilator  
  96  8:36  Gateway  
  96  8:38  Archon  
  96  8:40  Pylon  
  98  8:42  High Templar x2  
  98  8:46  Archon  
  102  8:49  Pylon  
  102  8:53  High Templar x2, Photon Cannon  
  106  8:57  Archon  
  106  8:59  Photon Cannon  
  106  9:00  Pylon  
  106  9:06  Zealot x2  
  110  9:17  High Templar  
  110  9:18  High Templar  
  110  9:21  Archon  
  112  9:31  Zealot x3  
  112  9:32  Zealot x4  
  126  9:53  Zealot, High Templar x4  
  126  9:54  Zealot x2  
  126  9:55  Zealot x2  
  126  9:58  Pylon, Archon  
  126  9:59  Archon  
  142  10:03  Pylon  
  138  10:20  Sentry x2, Zealot x3  
  148  10:27  Pylon  
  140  10:32  Stalker x3  
  140  10:33  Stalker  
  144  10:42  Zealot x3  
  146  10:43  Zealot  
  146  10:46  Zealot  
  150  10:50  Nexus  
  150  10:51  Observer, Photon Cannon  
  150  10:56  Stalker x4  
  137  11:13  Immortal (Chrono Boost)  
  128  11:18  Stalker x3  
  128  11:19  Stalker x4  
  128  11:23  Stalker x2  
  142  11:28  Pylon  
  142  11:33  Protoss Ground Weapons Level 3  
  140  11:42  Stalker, Zealot x4  
  150  11:50  Stalker  
  152  11:55  Immortal (Chrono Boost)  
  156  12:02  Blink  
  156  12:05  Zealot x2  
  160  12:09  Zealot  
  160  12:11  Zealot  
  160  12:13  Sentry  
  160  12:14  Sentry  
  166  12:21  Zealot x2  
  168  12:33  Observer (Chrono Boost)  
  165  12:37  Robotics Bay  
  165  12:40  Stalker  
  165  12:41  Stalker x2  
  164  12:55  Stalker, Zealot  
  164  12:56  Zealot  
  155  12:58  Zealot x2  
  151  13:12  Zealot x2  
  151  13:26  Disruptor (Chrono Boost)  
  150  13:42  Stalker x2, Sentry x2  
  135  13:57  Disruptor (Chrono Boost)  
  136  14:07  High Templar x4  
  142  14:11  Archon x2  
  142  14:17  Stalker  
  144  14:29  Observer (Chrono Boost)  
  145  14:34  Stalker  
  147  14:54  Observer (Chrono Boost)  
  148  15:10  Pylon  
  148  15:18  Photon Cannon  
  148  15:20  Photon Cannon  
  148  15:25  Pylon  
  148  15:27  Pylon  
  148  15:28  Pylon  
  140  15:44  Disruptor (Chrono Boost)  
  140  15:49  Zealot x5  
  147  15:50  Zealot  
  134  16:08  Zealot  
  125  16:15  Zealot  
  125  16:16  Zealot x3  
  126  16:24  Zealot x2  
  121  16:41  Zealot x3  
  109  16:48  Zealot  
  109  16:52  Pylon  
Show
View Real Time Build Order
Export as new Build Order

SortOf Zerg 

Build Orders: Pool First, Lurkers 

Get SALT Encoding   

  12  0:00  Drone  
  13  0:14  Extractor  
  12  0:25  Spawning Pool  
  11  0:29  Drone  
  11  0:34  Drone  
  13  0:39  Drone  
  14  0:50  Overlord  
  14  1:12  Zergling x4  
  14  1:13  Zergling x2  
  14  1:17  Metabolic Boost  
  17  1:23  Zergling x2  
  18  1:35  Zergling x2  
  19  1:42  Queen  
  19  1:44  Zergling x2  
  22  1:54  Overlord  
  22  2:13  Zergling x2  
  23  2:21  Hatchery  
  22  2:25  Drone  
  22  2:28  Drone  
  24  2:39  Drone  
  25  2:44  Queen  
  27  2:51  Drone  
  27  3:02  Drone  
  25  3:06  Zergling x6  
  28  3:13  Overlord  
  28  3:23  Drone  
  29  3:37  Drone x3  
  29  3:38  Drone x2  
  34  3:45  Drone  
  34  3:55  Drone x2  
  33  4:05  Overlord  
  33  4:09  Zergling x4  
  33  4:11  Drone x5  
  33  4:13  Queen  
  40  4:23  Hatchery  
  39  4:31  Roach Warren  
  39  4:35  Spore Crawler  
  39  4:36  Drone  
  39  4:38  Drone x2  
  40  4:42  Drone x2  
  42  4:46  Drone  
  42  4:49  Drone  
  42  4:50  Evolution Chamber  
  43  4:59  Zergling x6  
  45  5:04  Overlord  
  45  5:05  Drone x3, Extractor  
  47  5:10  Overlord  
  47  5:13  Overlord  
  47  5:17  Spore Crawler  
  47  5:21  Queen  
  48  5:28  Lair  
  48  5:31  Drone x2  
  48  5:33  Drone  
  48  5:34  Drone  
  48  5:35  Drone  
  53  5:37  Drone  
  53  5:39  Drone  
  55  5:43  Drone x2  
  55  5:48  Drone x2  
  55  5:49  Extractor  
  59  5:57  Drone x4  
  59  5:59  Overlord  
  61  6:04  Drone x2  
  61  6:06  Zerg Ground Armor Level 1  
  61  6:09  Evolution Chamber  
  62  6:13  Roach x2  
  62  6:16  Drone x3  
  69  6:20  Overlord  
  65  6:27  Drone x6  
  68  6:33  Drone x2  
  70  6:45  Glial Reconstitution  
  69  6:52  Ravager x2  
  69  6:53  Zergling x20  
  81  6:55  Extractor  
  81  6:58  Zerg Melee Weapons Level 1  
  80  7:02  Drone  
  80  7:05  Zergling x4  
  80  7:07  Hatchery  
  82  7:14  Drone x4  
  85  7:25  Drone, Infestation Pit, Extractor  
  85  7:26  Drone x3  
  85  7:27  Drone  
  88  7:33  Zergling x4  
  88  7:34  Overlord x3  
  88  7:36  Hatchery  
  89  7:38  Overseer  
  89  7:40  Overlord  
  89  7:49  Overlord x2  
  89  7:52  Drone x2  
  89  7:56  Overseer  
  89  7:58  Roach x5  
  101  8:03  Roach x2  
  104  8:06  Hive  
  104  8:09  Drone  
  104  8:11  Drone x2  
  107  8:14  Drone x2  
  107  8:17  Drone  
  107  8:19  Overlord x2  
  110  8:21  Overseer  
  110  8:23  Overlord  
  110  8:25  Drone x2, Zerg Ground Armor Level 2  
  112  8:27  Drone  
  112  8:33  Drone x3  
  116  8:40  Zergling x14  
  123  8:43  Overseer  
  123  8:47  Ravager  
  123  8:48  Ravager x3  
  126  8:49  Zergling x8  
  126  8:53  Zergling x12  
  136  9:00  Hydralisk Den  
  136  9:02  Roach x4  
  143  9:13  Overlord x4  
  143  9:15  Zerg Melee Weapons Level 2  
  142  9:19  Extractor  
  141  9:26  Spine Crawler  
  141  9:30  Lurker Den  
  141  9:31  Extractor  
  138  9:35  Drone x4  
  138  9:36  Spine Crawler, Extractor  
  138  9:37  Spore Crawler, Adrenal Glands  
  138  9:43  Zergling x2  
  138  9:44  Zergling x20  
  146  9:46  Roach  
  146  9:53  Roach x4  
  146  9:55  Hydralisk  
  146  9:58  Hydralisk  
  158  10:05  Roach x4  
  158  10:06  Roach  
  156  10:11  Ravager  
  157  10:15  Roach x3  
  157  10:19  Roach x3  
  167  10:24  Roach x3  
  164  10:32  Roach x4  
  158  10:40  Roach x4, Zergling x8  
  163  10:45  Hydralisk x2  
  161  10:52  Roach  
  161  10:53  Roach x2  
  166  11:01  Roach  
  166  11:02  Roach  
  166  11:04  Zergling x10  
  169  11:10  Hydralisk  
  169  11:11  Hydralisk  
  162  11:19  Hydralisk  
  164  11:28  Hatchery, Lurker, Overseer  
  164  11:29  Zergling x4  
  164  11:30  Zergling x2  
  167  11:38  Lurker  
  167  11:44  Lurker  
  167  11:47  Zergling x2  
  167  11:48  Zergling x18  
  167  11:53  Zergling x4  
  171  11:58  Hydralisk x2  
  175  12:03  Lurker  
  176  12:11  Zergling x14  
  176  12:12  Overlord  
  176  12:37  Zergling x4  
  176  12:38  Zergling x26  
  176  12:43  Hydralisk  
  176  12:44  Hydralisk x2  
  185  12:48  Hydralisk  
  185  12:49  Lurker  
  185  12:51  Lurker  
  189  13:01  Hydralisk  
  185  13:07  Hydralisk x3  
  185  13:12  Hydralisk x3  
  178  13:13  Hydralisk  
  178  13:16  Lurker  
  178  13:17  Hydralisk  
  173  13:22  Overlord  
  165  13:37  Lurker  
  165  13:40  Hydralisk  
  158  13:44  Hydralisk x2  
  152  14:13  Zergling x2  
  152  14:14  Zergling x2  
  152  14:15  Zergling x2  
  151  14:39  Lurker x6  
  151  14:43  Zergling x2  
  151  14:45  Overlord x3  
  156  14:58  Zergling x10  
  161  15:08  Zergling x10  
  163  15:24  Zergling x4  
  163  15:25  Ravager x4  
  168  15:41  Zergling x8  
  150  15:46  Lurker  
  140  15:54  Zergling x6  
  140  15:55  Zergling x4  
  140  16:07  Zergling x4  
  119  16:16  Zergling x2  
  119  16:17  Zergling x2  
  110  16:24  Roach  
  97  16:27  Roach  
  99  16:37  Roach  

Tags
 
Add a new tag
Caveats
  • Supply blocks, unpowered buildings, or Contaminate may cause inaccurate times.
  • Supply counts are checked every 10 seconds.